NULL
Full Scoreboard »»

Devils vs Blues

Created - April 9, 2024 at 23:00

Goals
1 2 3 T
Devils 0 2 1 3
Blues 0 2 0 2
Shots
1 2 3 T
Devils 9 14 12 35
Blues 6 12 17 35

GoalsPenalties
1st period
No Goal
No Penalty
2nd period
1. Blues , Brandon Hagel 20 (Trevor Zegras 26) at 0:46 (PP)
2. Devils , Tyler Bertuzzi 18 (J.T. Miller 35, Tage Thompson 24) at 3:43
3. Blues , Patrick Kane 24 (Brandon Montour 23, Colin Miller 12) at 7:40
4. Devils , Anton Lundell 17 (Nick Paul 9, Dillon Dube 19) at 9:06
Dillon Dube (NJD) for Tripping (Minor) at 0:41
Filip Hronek (STL) for Hooking (Minor) at 10:06
Brandon Hagel (STL) for Holding (Minor) at 19:50
3rd period
5. Devils , Tage Thompson 31 (Ty Smith 11, J.T. Miller 36) at 1:15 (PP)
J.T. Miller (NJD) for Interference (Minor) at 7:55
Dillon Dube (NJD) for Roughing (Minor) at 15:55
Goalie Stats
Thatcher Demko (NJD), 33 saves from 35 shots - (0.943), W, 22-20-5, 60:00 minutes
Frederik Andersen (STL), 32 saves from 35 shots - (0.914), L, 21-13-2, 60:00 minutes
3 StarsOfficial
1 - Tage Thompson (NJD)
2 - Thatcher Demko (NJD)
3 - Anton Lundell (NJD)
Referees : Unknown
Linesman : Unknown
Game Note
No Game Note



Team Name Goals Shots Shots Attemp Shots Blocked PIM HIT PP PK FO%
Devils 33565166311 / 2 (50%)135%
Blues 23567134271 / 3 (33%)165%

Devils
Player Name POS G A P +/- PIM HIT SHT SB MP PP MP PP SHT PK MP PK SHT FO% FOT GA TA
Anton LundellC/LW1011011014:360:0000:39023% 1310
Dillon DubeC/LW/RW0111444014:410:0000:4600% 000
Dylan CozensC/RW000-1021214:331:1900:00067% 320
Elias PetterssonC000-1044017:372:0532:09014% 1400
Frank VatranoC/LW/RW0000021010:430:0000:00050% 200
J.T. MillerC/LW/RW0221223017:512:0501:08057% 1410
Jake EvansLW/RW0000002010:430:0000:0000% 000
Josh BrownD0000051220:080:0002:1300% 000
Kyle BurroughsD0000020120:080:0002:1300% 001
Lassi ThomsonD0000000220:012:0401:5000% 000
Nick FolignoC/LW/RW0000021010:430:0000:0000% 030
Nick PaulC/LW0111040113:520:0000:0000% 100
Rasmus AnderssonD0001002019:511:2000:0000% 001
Tage ThompsonC/LW/RW1121025218:262:0511:42067% 300
Trevor MooreLW000-1010014:331:1900:0000% 100
Ty SmithD0110001220:012:0411:5000% 001
Tyler BertuzziLW/RW1011003117:361:1901:4200% 020
Zach WerenskiD0001006319:511:2010:0000% 000
Blues
Player Name POS G A P +/- PIM HIT SHT SB MP PP MP PP SHT PK MP PK SHT FO% FOT GA TA
Brandon HagelLW1011212016:491:5911:030100% 102
Brandon MontourD0110011222:591:5401:1400% 000
Caleb JonesD000-1000016:590:0001:2300% 001
Carson SoucyD0000040018:010:0002:0100% 002
Colin MillerD0110000017:480:0001:2300% 001
Connor BedardC0001014016:562:0400:00078% 1810
Dylan LarkinC/LW000-1052016:392:0401:36057% 1400
Erik KarlssonD0000002523:062:0900:0000% 011
Filip HronekD000-1211217:561:5400:4700% 000
Mason MarchmentC/LW0000011014:070:0000:1200% 010
Mathew BarzalC/RW000-1023018:262:0411:4800% 202
Mathieu JosephRW0000042014:040:0000:2100% 100
Milan LucicLW/RW000-1001011:120:0000:0000% 000
Patrick KaneLW/RW1011029116:222:0900:0000% 000
Sam BennettC/LW/RW000-1013115:591:5900:0000% 000
Trevor LewisC/LW/RW000-1011113:050:0001:48067% 600
Trevor ZegrasC/LW0110013014:541:5900:00067% 900
Vinnie HinostrozaLW/RW000-1020111:120:0000:0000% 000

Devils

5 vs 5 Forward
Line #Left WingCenterRight WingPHYDFOFWanted %Time %Time Play
1Tage ThompsonJ.T. MillerTyler Bertuzzi1223026%13:24
2Trevor MooreElias PetterssonDylan Cozens1223026%13:19
3Nick PaulAnton LundellDillon Dube1223027%13:52
4Nick FolignoFrank VatranoJake Evans1221021%10:43
5 vs 5 Defense
Line #DefenseDefensePHYDFOFWanted %Time %Time Play
1Rasmus AnderssonZach Werenski1223534%17:41
2Kyle BurroughsJosh Brown1223533%16:55
3Ty SmithLassi Thomson1223031%15:50
4Rasmus AnderssonZach Werenski12202%0:52
Power Play Forward
Line #Left WingCenterRight WingPHYDFOFWanted %Time %Time Play
1Tage ThompsonElias PetterssonJ.T. Miller1225061%2:05
2Trevor MooreDylan CozensTyler Bertuzzi1225039%1:19
Power Play Defense
Line #DefenseDefensePHYDFOFWanted %Time %Time Play
1Rasmus AnderssonZach Werenski1225039%1:20
2Lassi ThomsonTy Smith1225061%2:04
Penalty Kill 4 Players Forward
Line #CenterWingPHYDFOFWanted %Time %Time Play
1J.T. MillerElias Pettersson1225058%2:21
2Tage ThompsonTyler Bertuzzi1225042%1:42
Penalty Kill 4 Players Defense
Line #DefenseDefensePHYDFOFWanted %Time %Time Play
1Josh BrownKyle Burroughs1225055%2:13
2Ty SmithLassi Thomson1225045%1:50
Penalty Kill 3 Players
Line #WingPHYDFOFWanted %Time %Time PlayDefenseDefensePHYDFOFWanted %Time %Time Play
1J.T. Miller122500%0:00 Rasmus AnderssonZach Werenski122500%0:00
2Elias Pettersson122500%0:00 Kyle BurroughsJosh Brown122500%0:00
4 vs 4 Forward
Line #CenterWingPHYDFOFWanted %Time %Time Play
1J.T. MillerElias Pettersson122500%0:00
2Tage ThompsonTyler Bertuzzi122500%0:00
4 vs 4 Defense
Line #DefensePHYDFOFWanted %Time %Time Play
1Rasmus AnderssonZach Werenski122500%0:00
2Kyle BurroughsJosh Brown122500%0:00
Last Minutes Offensive
Left WingCenterRight WingDefenseDefense
Tage ThompsonJ.T. MillerTyler BertuzziRasmus AnderssonZach Werenski
Last Minutes Defensive
Left WingCenterRight WingDefenseDefense
Tage ThompsonJ.T. MillerTyler BertuzziRasmus AnderssonZach Werenski
Time
Total ForwardTotal DefenseLast Minutes OffensiveLast Minutes Defensive
60:00 60:00 0:001:15
Extra Forwards
Normal PowerPlayPenalty Kill
Anton Lundell, Nick Paul, Dillon DubeAnton Lundell, Nick PaulDillon Dube
Extra Defensemen
Normal PowerPlayPenalty Kill
Ty Smith, Lassi Thomson, Kyle BurroughsTy Smith, Lassi ThomsonKyle Burroughs
Penalty Shots
J.T. Miller, Elias Pettersson, Tage Thompson, Tyler Bertuzzi, Dylan Cozens
Goalie
Thatcher Demko, Spencer Martin
Custom OT Lines Forwards
J.T. Miller, Elias Pettersson, Tage Thompson, Tyler Bertuzzi, Dylan Cozens, Trevor Moore, Anton Lundell, Nick Paul, Dillon Dube, Frank Vatrano
Custom OT Lines Defensemen
Rasmus Andersson, Zach Werenski, Kyle Burroughs, Josh Brown, Ty Smith
Scratches
Brad Lambert (Healthy), Domenick Fensore (Healthy)

Blues

5 vs 5 Forward
Line #Left WingCenterRight WingPHYDFOFWanted %Time %Time Play
1Sam BennettDylan LarkinMathew Barzal1223025%12:57
2Brandon HagelConnor BedardPatrick Kane1223028%14:15
3Mason MarchmentTrevor ZegrasMathieu Joseph1223025%12:55
4Milan LucicTrevor LewisVinnie Hinostroza1221022%11:12
5 vs 5 Defense
Line #DefenseDefensePHYDFOFWanted %Time %Time Play
1Erik KarlssonBrandon Montour1223030%15:29
2Filip HronekCaleb Jones1223030%15:36
3Colin MillerCarson Soucy1223030%15:37
4Erik KarlssonBrandon Montour122109%4:37
Power Play Forward
Line #Left WingCenterRight WingPHYDFOFWanted %Time %Time Play
1Connor BedardDylan LarkinMathew Barzal1225051%2:04
2Brandon HagelTrevor ZegrasSam Bennett1225049%1:59
Power Play Defense
Line #DefenseDefensePHYDFOFWanted %Time %Time Play
1Erik KarlssonPatrick Kane1225053%2:09
2Filip HronekBrandon Montour1225047%1:54
Penalty Kill 4 Players Forward
Line #CenterWingPHYDFOFWanted %Time %Time Play
1Trevor LewisMathew Barzal1225053%1:48
2Dylan LarkinBrandon Hagel1225047%1:36
Penalty Kill 4 Players Defense
Line #DefenseDefensePHYDFOFWanted %Time %Time Play
1Carson SoucyFilip Hronek1225059%2:01
2Colin MillerCaleb Jones1225041%1:23
Penalty Kill 3 Players
Line #WingPHYDFOFWanted %Time %Time PlayDefenseDefensePHYDFOFWanted %Time %Time Play
1Dylan Larkin122500%0:00 Filip HronekCarson Soucy122500%0:00
2Trevor Lewis122500%0:00 Colin MillerCaleb Jones122500%0:00
4 vs 4 Forward
Line #CenterWingPHYDFOFWanted %Time %Time Play
1Dylan LarkinMathew Barzal122500%0:00
2Connor BedardBrandon Hagel122500%0:00
4 vs 4 Defense
Line #DefensePHYDFOFWanted %Time %Time Play
1Erik KarlssonBrandon Montour122500%0:00
2Filip HronekCaleb Jones122500%0:00
Last Minutes Offensive
Left WingCenterRight WingDefenseDefense
Sam BennettDylan LarkinMathew BarzalErik KarlssonBrandon Montour
Last Minutes Defensive
Left WingCenterRight WingDefenseDefense
Sam BennettDylan LarkinMathew BarzalErik KarlssonBrandon Montour
Time
Total ForwardTotal DefenseLast Minutes OffensiveLast Minutes Defensive
60:00 60:00 1:140:00
Extra Forwards
Normal PowerPlayPenalty Kill
Mason Marchment, Connor Bedard, Mathieu JosephMason Marchment, Connor BedardMathieu Joseph
Extra Defensemen
Normal PowerPlayPenalty Kill
Colin Miller, Carson Soucy, Filip HronekColin Miller, Carson SoucyFilip Hronek
Penalty Shots
Dylan Larkin, Mathew Barzal, Sam Bennett, Brandon Hagel, Patrick Kane
Goalie
Frederik Andersen, Alexandar Georgiev
Custom OT Lines Forwards
Dylan Larkin, Mathew Barzal, Connor Bedard, Brandon Hagel, Patrick Kane, Sam Bennett, Mason Marchment, Trevor Zegras, Mathieu Joseph, Trevor Lewis
Custom OT Lines Defensemen
Erik Karlsson, Brandon Montour, Filip Hronek, Caleb Jones, Colin Miller
Scratches
Brett Ritchie (Healthy), Michael Stone (Healthy)


Play-by-Play

1st period


0:01 of 1st period - Dylan Larkin wins face-off versus J.T. Miller in neutral zone.
0:08 of 1st period - Wrist shot by Sam Bennett.
0:08 of 1st period - Stopped by Thatcher Demko without a rebound.
0:09 of 1st period - Dylan Larkin wins face-off versus J.T. Miller in Devils zone.
1:21 of 1st period - Wrist shot by Tyler Bertuzzi.
1:21 of 1st period - Stopped by Frederik Andersen with a rebound.
1:45 of 1st period - Slapshot by Sam Bennett.
1:45 of 1st period - Stopped by Thatcher Demko with a rebound.
2:03 of 1st period - Snap shot by Tyler Bertuzzi.
2:03 of 1st period - Shot Misses the Net.
2:05 of 1st period - Slapshot by Zach Werenski.
2:05 of 1st period - Stopped by Frederik Andersen with a rebound.
2:07 of 1st period - Slapshot by Zach Werenski.
2:07 of 1st period - Shot Misses the Net.
2:09 of 1st period - Slapshot by Rasmus Andersson.
2:09 of 1st period - Deflect By Tyler Bertuzzi.
2:09 of 1st period - Shot Misses the Net.
2:09 of 1st period - Puck is out of play.
2:10 of 1st period - Connor Bedard wins face-off versus Elias Pettersson in Blues zone.
2:36 of 1st period - Caleb Jones is hit by Josh Brown and loses puck.
2:45 of 1st period - Wrist shot by Trevor Zegras.
2:45 of 1st period - Shot Misses the Net.
3:24 of 1st period - Icing by Carson Soucy.
3:25 of 1st period - Trevor Lewis wins face-off versus Elias Pettersson in Blues zone.
3:25 of 1st period - Trevor Lewis is hit by Dylan Cozens.
3:52 of 1st period - Wrist shot by Dillon Dube.
3:52 of 1st period - Stopped by Frederik Andersen with a rebound.
4:10 of 1st period - Nick Foligno is hit by Patrick Kane and loses puck.
4:21 of 1st period - Wrist shot by Patrick Kane.
4:21 of 1st period - Shot Misses the Net.
4:23 of 1st period - Wrist shot by Brandon Hagel.
4:23 of 1st period - Shot Blocked by Josh Brown.
4:37 of 1st period - Snap shot by Dylan Cozens.
4:37 of 1st period - Stopped by Frederik Andersen without a rebound.
4:38 of 1st period - Connor Bedard wins face-off versus Elias Pettersson in Blues zone.
5:05 of 1st period - Slapshot by Anton Lundell.
5:05 of 1st period - Shot Blocked by Filip Hronek.
6:05 of 1st period - Kyle Burroughs is hit by Patrick Kane and loses puck.
6:34 of 1st period - Slapshot by Erik Karlsson.
6:34 of 1st period - Shot Blocked by Tage Thompson.
8:18 of 1st period - Slapshot by Zach Werenski.
8:18 of 1st period - Stopped by Frederik Andersen without a rebound.
8:19 of 1st period - Trevor Lewis wins face-off versus Frank Vatrano in Blues zone.
8:24 of 1st period - Rasmus Andersson is hit by Vinnie Hinostroza and loses puck.
8:31 of 1st period - Slapshot by Brandon Montour.
8:31 of 1st period - Deflect By Trevor Lewis.
8:31 of 1st period - Stopped by Thatcher Demko with a rebound.
8:33 of 1st period - Snap shot by Trevor Lewis.
8:33 of 1st period - Shot Blocked by Zach Werenski.
8:35 of 1st period - Slapshot by Erik Karlsson.
8:35 of 1st period - Shot Misses the Net.
8:45 of 1st period - Trevor Zegras is hit by Dillon Dube.
9:15 of 1st period - Snap shot by Patrick Kane.
9:15 of 1st period - Shot Misses the Net.
9:27 of 1st period - Sam Bennett is hit by Josh Brown and loses puck.
9:59 of 1st period - Snap shot by Nick Paul.
9:59 of 1st period - Shot Misses the Net.
10:50 of 1st period - Off-side.
10:51 of 1st period - Trevor Zegras wins face-off versus J.T. Miller in neutral zone.
11:04 of 1st period - Carson Soucy is hit by Kyle Burroughs and loses puck.
11:46 of 1st period - Wrist shot by J.T. Miller.
11:46 of 1st period - Shot Misses the Net.
11:48 of 1st period - Wrist shot by J.T. Miller.
11:48 of 1st period - Shot Misses the Net.
11:50 of 1st period - Snap shot by J.T. Miller.
11:50 of 1st period - Stopped by Frederik Andersen with a rebound.
12:02 of 1st period - Snap shot by Tage Thompson.
12:02 of 1st period - Stopped by Frederik Andersen without a rebound.
12:03 of 1st period - Anton Lundell wins face-off versus Connor Bedard in Blues zone.
12:29 of 1st period - Dylan Cozens is hit by Dylan Larkin and loses puck.
13:49 of 1st period - Slapshot by Erik Karlsson.
13:49 of 1st period - Deflect By Milan Lucic.
13:49 of 1st period - Stopped by Thatcher Demko without a rebound.
13:50 of 1st period - Frank Vatrano wins face-off versus Mathew Barzal in Devils zone.
13:57 of 1st period - Backhand shot by Zach Werenski.
13:57 of 1st period - Stopped by Frederik Andersen with a rebound.
14:26 of 1st period - Mathieu Joseph is hit by Elias Pettersson and loses puck.
14:41 of 1st period - Josh Brown is hit by Carson Soucy and loses puck.
15:10 of 1st period - Snap shot by Patrick Kane.
15:10 of 1st period - Stopped by Thatcher Demko without a rebound.
15:11 of 1st period - Connor Bedard wins face-off versus Anton Lundell in Devils zone.
15:36 of 1st period - Elias Pettersson is hit by Dylan Larkin and loses puck.
15:54 of 1st period - Off-side.
15:55 of 1st period - J.T. Miller wins face-off versus Trevor Lewis in neutral zone.
16:00 of 1st period - Snap shot by Tyler Bertuzzi.
16:00 of 1st period - Stopped by Frederik Andersen with a rebound.
17:29 of 1st period - Wrist shot by Frank Vatrano.
17:29 of 1st period - Shot Misses the Net.
17:31 of 1st period - Snap shot by Frank Vatrano.
17:31 of 1st period - Shot Misses the Net.
17:33 of 1st period - Snap shot by Nick Foligno.
17:33 of 1st period - Shot Misses the Net.
17:57 of 1st period - Jake Evans is hit by Trevor Lewis and loses puck.
18:16 of 1st period - Vinnie Hinostroza is hit by Nick Foligno and loses puck.
18:57 of 1st period - Erik Karlsson is hit by Frank Vatrano and loses puck.
19:42 of 1st period - Slapshot by Erik Karlsson.
19:42 of 1st period - Deflect By Frank Vatrano.
19:42 of 1st period - Stopped by Thatcher Demko without a rebound.
19:43 of 1st period - Connor Bedard wins face-off versus Anton Lundell in Devils zone.
Goals for this period are 0 for Devils vs 0 for Blues.
Shots for this period are 9 for Devils vs 6 for Blues.

2nd period


0:01 of 2nd period - Connor Bedard wins face-off versus Anton Lundell in neutral zone.
0:04 of 2nd period - Snap shot by Patrick Kane.
0:04 of 2nd period - Shot Blocked by Zach Werenski.
0:06 of 2nd period - Slapshot by Brandon Hagel.
0:06 of 2nd period - Stopped by Thatcher Demko without a rebound.
0:07 of 2nd period - Connor Bedard wins face-off versus Anton Lundell in Devils zone.
0:08 of 2nd period - Slapshot by Patrick Kane.
0:08 of 2nd period - Stopped by Thatcher Demko without a rebound.
0:09 of 2nd period - Connor Bedard wins face-off versus Anton Lundell in Devils zone.
0:16 of 2nd period - Slapshot by Connor Bedard.
0:16 of 2nd period - Stopped by Thatcher Demko with a rebound.
0:41 of 2nd period - Minor Penalty to Dillon Dube for Tripping.
0:42 of 2nd period - Brandon Hagel wins face-off versus J.T. Miller in Devils zone.
0:46 of 2nd period - Slapshot by Brandon Hagel.
0:46 of 2nd period - Goal by Brandon Hagel - Devils : 0 - Blues : 1.
0:47 of 2nd period - Dylan Larkin wins face-off versus Elias Pettersson in neutral zone.
1:26 of 2nd period - Brandon Montour is hit by Josh Brown and loses puck.
2:27 of 2nd period - Off-side.
2:28 of 2nd period - Anton Lundell wins face-off versus Trevor Zegras in neutral zone.
2:31 of 2nd period - Trevor Zegras is hit by Dillon Dube and loses puck.
3:35 of 2nd period - Backhand shot by Elias Pettersson.
3:35 of 2nd period - Stopped by Frederik Andersen with a rebound.
3:37 of 2nd period - Wrist shot by J.T. Miller.
3:37 of 2nd period - Shot Misses the Net.
3:39 of 2nd period - Wrist shot by Tage Thompson.
3:39 of 2nd period - Stopped by Frederik Andersen with a rebound.
3:41 of 2nd period - Backhand shot by J.T. Miller.
3:41 of 2nd period - Stopped by Frederik Andersen with a rebound.
3:43 of 2nd period - Snap shot by Tyler Bertuzzi.
3:43 of 2nd period - Goal by Tyler Bertuzzi - Devils : 1 - Blues : 1.
3:44 of 2nd period - Trevor Zegras wins face-off versus Anton Lundell in neutral zone.
3:55 of 2nd period - Snap shot by Dillon Dube.
3:55 of 2nd period - Stopped by Frederik Andersen with a rebound.
4:28 of 2nd period - Snap shot by Patrick Kane.
4:28 of 2nd period - Stopped by Thatcher Demko with a rebound.
4:30 of 2nd period - Wrist shot by Brandon Hagel.
4:30 of 2nd period - Shot Misses the Net.
4:32 of 2nd period - Slapshot by Erik Karlsson.
4:32 of 2nd period - Shot Misses the Net.
4:34 of 2nd period - Snap shot by Brandon Hagel.
4:34 of 2nd period - Shot Misses the Net.
4:36 of 2nd period - Wrist shot by Connor Bedard.
4:36 of 2nd period - Shot Blocked by Tyler Bertuzzi.
4:58 of 2nd period - Zach Werenski is hit by Mathieu Joseph and loses puck.
5:09 of 2nd period - Colin Miller is hit by Nick Paul.
5:13 of 2nd period - Mathew Barzal is hit by Dillon Dube.
5:27 of 2nd period - Dylan Cozens is hit by Vinnie Hinostroza and loses puck.
6:07 of 2nd period - Icing by Josh Brown.
6:08 of 2nd period - J.T. Miller wins face-off versus Trevor Zegras in Devils zone.
6:08 of 2nd period - J.T. Miller is hit by Carson Soucy.
6:20 of 2nd period - Wrist shot by Dillon Dube.
6:20 of 2nd period - Stopped by Frederik Andersen without a rebound.
6:21 of 2nd period - Elias Pettersson wins face-off versus Dylan Larkin in Blues zone.
6:36 of 2nd period - Snap shot by Elias Pettersson.
6:36 of 2nd period - Shot Blocked by Filip Hronek.
6:46 of 2nd period - Dylan Larkin is hit by Kyle Burroughs and loses puck.
7:01 of 2nd period - Wrist shot by Mathew Barzal.
7:01 of 2nd period - Shot Misses the Net.
7:03 of 2nd period - Snap shot by Sam Bennett.
7:03 of 2nd period - Stopped by Thatcher Demko without a rebound.
7:04 of 2nd period - Trevor Zegras wins face-off versus Nick Paul in Devils zone.
7:15 of 2nd period - Wrist shot by Mason Marchment.
7:15 of 2nd period - Shot Blocked by Nick Paul.
7:29 of 2nd period - Patrick Kane is hit by Elias Pettersson and loses puck.
7:36 of 2nd period - Slapshot by Colin Miller.
7:36 of 2nd period - Shot Blocked by Ty Smith.
7:38 of 2nd period - Slapshot by Brandon Montour.
7:38 of 2nd period - Stopped by Thatcher Demko with a rebound.
7:40 of 2nd period - Snap shot by Patrick Kane.
7:40 of 2nd period - Goal by Patrick Kane - Devils : 1 - Blues : 2.
7:41 of 2nd period - Trevor Zegras wins face-off versus Anton Lundell in neutral zone.
8:06 of 2nd period - Rasmus Andersson is hit by Dylan Larkin and loses puck.
8:15 of 2nd period - Slapshot by Dillon Dube.
8:15 of 2nd period - Deflect By Nick Paul.
8:15 of 2nd period - Shot Blocked by Sam Bennett.
8:15 of 2nd period - Puck is out of play.
8:16 of 2nd period - Connor Bedard wins face-off versus Trevor Moore in Blues zone.
8:27 of 2nd period - Wrist shot by Connor Bedard.
8:27 of 2nd period - Stopped by Thatcher Demko with a rebound.
8:29 of 2nd period - Slapshot by Caleb Jones.
8:29 of 2nd period - Shot Blocked by Josh Brown.
8:47 of 2nd period - Wrist shot by Trevor Zegras.
8:47 of 2nd period - Shot Misses the Net.
8:49 of 2nd period - Snap shot by Mathieu Joseph.
8:49 of 2nd period - Stopped by Thatcher Demko with a rebound.
8:51 of 2nd period - Slapshot by Carson Soucy.
8:51 of 2nd period - Deflect By Trevor Zegras.
8:51 of 2nd period - Shot Misses the Net.
8:51 of 2nd period - Puck is out of play.
8:52 of 2nd period - Dylan Larkin wins face-off versus Anton Lundell in Devils zone.
8:52 of 2nd period - Dylan Larkin is hit by Dillon Dube.
9:04 of 2nd period - Snap shot by Dillon Dube.
9:04 of 2nd period - Shot Misses the Net.
9:06 of 2nd period - Snap shot by Nick Paul.
9:06 of 2nd period - Deflect By Anton Lundell.
9:06 of 2nd period - Goal by Anton Lundell - Devils : 2 - Blues : 2.
9:07 of 2nd period - Connor Bedard wins face-off versus Elias Pettersson in neutral zone.
9:33 of 2nd period - Trevor Zegras is hit by J.T. Miller and loses puck.
10:06 of 2nd period - Minor Penalty to Filip Hronek for Hooking.
10:07 of 2nd period - Trevor Lewis wins face-off versus Elias Pettersson in Blues zone.
10:14 of 2nd period - Icing by Tage Thompson.
10:15 of 2nd period - Dylan Larkin wins face-off versus Elias Pettersson in Devils zone.
10:28 of 2nd period - Carson Soucy is hit by Tage Thompson.
10:49 of 2nd period - Snap shot by Elias Pettersson.
10:49 of 2nd period - Deflect By Caleb Jones.
10:49 of 2nd period - Stopped by Frederik Andersen with a rebound.
10:53 of 2nd period - Snap shot by Elias Pettersson.
10:53 of 2nd period - Stopped by Frederik Andersen with a rebound.
10:55 of 2nd period - Slapshot by Zach Werenski.
10:55 of 2nd period - Stopped by Frederik Andersen with a rebound.
10:57 of 2nd period - Wrist shot by Elias Pettersson.
10:57 of 2nd period - Stopped by Frederik Andersen without a rebound.
10:58 of 2nd period - Dylan Cozens wins face-off versus Dylan Larkin in Blues zone.
11:55 of 2nd period - Mathew Barzal is hit by Trevor Moore and loses puck.
12:06 of 2nd period - Penalty to Filip Hronek is over, Filip Hronek is back on ice.
12:20 of 2nd period - Trevor Zegras is hit by Nick Paul and loses puck.
12:41 of 2nd period - Slapshot by Kyle Burroughs.
12:41 of 2nd period - Shot Blocked by Patrick Kane.
12:43 of 2nd period - Wrist shot by Jake Evans.
12:43 of 2nd period - Shot Misses the Net.
12:45 of 2nd period - Snap shot by Jake Evans.
12:45 of 2nd period - Stopped by Frederik Andersen with a rebound.
13:23 of 2nd period - Wrist shot by Brandon Montour.
13:23 of 2nd period - Shot Blocked by Dylan Cozens.
13:53 of 2nd period - J.T. Miller is hit by Mathew Barzal and loses puck.
14:48 of 2nd period - Slapshot by Rasmus Andersson.
14:48 of 2nd period - Stopped by Frederik Andersen with a rebound.
14:50 of 2nd period - Slapshot by Rasmus Andersson.
14:50 of 2nd period - Deflect By Frank Vatrano.
14:50 of 2nd period - Stopped by Frederik Andersen with a rebound.
14:54 of 2nd period - Slapshot by Zach Werenski.
14:54 of 2nd period - Shot Misses the Net.
15:56 of 2nd period - Wrist shot by Jake Evans.
15:56 of 2nd period - Shot Blocked by Vinnie Hinostroza.
16:14 of 2nd period - Snap shot by Mathieu Joseph.
16:14 of 2nd period - Shot Blocked by Ty Smith.
16:16 of 2nd period - Slapshot by Mason Marchment.
16:16 of 2nd period - Stopped by Thatcher Demko with a rebound.
16:18 of 2nd period - Snap shot by Mathieu Joseph.
16:18 of 2nd period - Deflect By Trevor Zegras.
16:18 of 2nd period - Stopped by Thatcher Demko without a rebound.
16:19 of 2nd period - J.T. Miller wins face-off versus Connor Bedard in Devils zone.
16:24 of 2nd period - Zach Werenski is hit by Carson Soucy and loses puck.
16:57 of 2nd period - Dylan Larkin is hit by Nick Paul and loses puck.
17:08 of 2nd period - Josh Brown is hit by Mathieu Joseph.
17:14 of 2nd period - Josh Brown is hit by Mathieu Joseph and loses puck.
18:50 of 2nd period - Snap shot by Connor Bedard.
18:50 of 2nd period - Shot Blocked by Tage Thompson.
19:40 of 2nd period - Vinnie Hinostroza is hit by Nick Foligno and loses puck.
19:47 of 2nd period - Slapshot by Frank Vatrano.
19:47 of 2nd period - Deflect By Jake Evans.
19:47 of 2nd period - Shot Misses the Net.
19:47 of 2nd period - Puck is out of play.
19:48 of 2nd period - Connor Bedard wins face-off versus Elias Pettersson in Blues zone.
19:50 of 2nd period - Minor Penalty to Brandon Hagel for Holding.
19:51 of 2nd period - Dylan Cozens wins face-off versus Trevor Lewis in Blues zone.
Goals for this period are 2 for Devils vs 2 for Blues.
Shots for this period are 14 for Devils vs 12 for Blues.

3rd period


0:01 of 3rd period - Trevor Lewis wins face-off versus Dylan Cozens in neutral zone.
0:06 of 3rd period - Snap shot by Trevor Lewis.
0:06 of 3rd period - Shot Blocked by Lassi Thomson.
0:52 of 3rd period - Filip Hronek is hit by Elias Pettersson and loses puck.
1:11 of 3rd period - Slapshot by J.T. Miller.
1:11 of 3rd period - Shot Misses the Net.
1:13 of 3rd period - Slapshot by Ty Smith.
1:13 of 3rd period - Stopped by Frederik Andersen with a rebound.
1:15 of 3rd period - Slapshot by Ty Smith.
1:15 of 3rd period - Deflect By Tage Thompson.
1:15 of 3rd period - Goal by Tage Thompson - Devils : 3 - Blues : 2.
1:16 of 3rd period - Connor Bedard wins face-off versus Anton Lundell in neutral zone.
1:25 of 3rd period - Snap shot by Dillon Dube.
1:25 of 3rd period - Shot Blocked by Erik Karlsson.
1:46 of 3rd period - Wrist shot by Mathew Barzal.
1:46 of 3rd period - Stopped by Thatcher Demko with a rebound.
1:48 of 3rd period - Slapshot by Filip Hronek.
1:48 of 3rd period - Stopped by Thatcher Demko with a rebound.
2:08 of 3rd period - Wrist shot by Tage Thompson.
2:08 of 3rd period - Deflect By Mason Marchment.
2:08 of 3rd period - Stopped by Frederik Andersen without a rebound.
2:09 of 3rd period - Connor Bedard wins face-off versus Anton Lundell in Blues zone.
2:18 of 3rd period - Slapshot by Patrick Kane.
2:18 of 3rd period - Stopped by Thatcher Demko without a rebound.
2:19 of 3rd period - Anton Lundell wins face-off versus Connor Bedard in Devils zone.
2:19 of 3rd period - Anton Lundell is hit by Connor Bedard.
2:25 of 3rd period - Snap shot by Zach Werenski.
2:25 of 3rd period - Stopped by Frederik Andersen with a rebound.
2:31 of 3rd period - Rasmus Andersson is hit by Brandon Montour and loses puck.
2:48 of 3rd period - Snap shot by Patrick Kane.
2:48 of 3rd period - Stopped by Thatcher Demko with a rebound.
2:56 of 3rd period - Wrist shot by Brandon Hagel.
2:56 of 3rd period - Shot Misses the Net.
2:58 of 3rd period - Wrist shot by Patrick Kane.
2:58 of 3rd period - Stopped by Thatcher Demko with a rebound.
3:00 of 3rd period - Slapshot by Brandon Montour.
3:00 of 3rd period - Shot Misses the Net.
3:37 of 3rd period - Wrist shot by Brandon Hagel.
3:37 of 3rd period - Shot Misses the Net.
3:41 of 3rd period - Slapshot by Patrick Kane.
3:41 of 3rd period - Shot Misses the Net.
3:43 of 3rd period - Slapshot by Erik Karlsson.
3:43 of 3rd period - Stopped by Thatcher Demko without a rebound.
3:44 of 3rd period - Dylan Larkin wins face-off versus Elias Pettersson in Devils zone.
3:47 of 3rd period - Wrist shot by Mathew Barzal.
3:47 of 3rd period - Stopped by Thatcher Demko without a rebound.
3:48 of 3rd period - Elias Pettersson wins face-off versus Dylan Larkin in Devils zone.
3:48 of 3rd period - Elias Pettersson is hit by Dylan Larkin.
4:22 of 3rd period - Snap shot by Vinnie Hinostroza.
4:22 of 3rd period - Shot Misses the Net.
4:32 of 3rd period - Snap shot by Dylan Cozens.
4:32 of 3rd period - Deflect By Trevor Moore.
4:32 of 3rd period - Shot Blocked by Trevor Lewis.
4:32 of 3rd period - Puck is out of play.
4:33 of 3rd period - J.T. Miller wins face-off versus Trevor Zegras in Blues zone.
4:34 of 3rd period - Wrist shot by Tage Thompson.
4:34 of 3rd period - Shot Misses the Net.
4:42 of 3rd period - Wrist shot by Trevor Zegras.
4:42 of 3rd period - Stopped by Thatcher Demko without a rebound.
4:43 of 3rd period - Trevor Zegras wins face-off versus J.T. Miller in Devils zone.
5:08 of 3rd period - Snap shot by Trevor Zegras.
5:08 of 3rd period - Stopped by Thatcher Demko with a rebound.
5:10 of 3rd period - Snap shot by Mathieu Joseph.
5:10 of 3rd period - Stopped by Thatcher Demko without a rebound.
5:11 of 3rd period - Dylan Larkin wins face-off versus Elias Pettersson in Devils zone.
5:36 of 3rd period - Connor Bedard is hit by Anton Lundell and loses puck.
6:03 of 3rd period - Tage Thompson is hit by Mason Marchment and loses puck.
6:37 of 3rd period - Zach Werenski is hit by Carson Soucy.
6:45 of 3rd period - Snap shot by Dylan Larkin.
6:45 of 3rd period - Stopped by Thatcher Demko without a rebound.
6:46 of 3rd period - J.T. Miller wins face-off versus Mathew Barzal in Devils zone.
6:55 of 3rd period - Snap shot by Dylan Larkin.
6:55 of 3rd period - Stopped by Thatcher Demko with a rebound.
6:57 of 3rd period - Wrist shot by Erik Karlsson.
6:57 of 3rd period - Deflect By Dylan Larkin.
6:57 of 3rd period - Shot Blocked by Zach Werenski.
6:57 of 3rd period - Puck is out of play.
6:58 of 3rd period - Dylan Larkin wins face-off versus J.T. Miller in Devils zone.
7:23 of 3rd period - Wrist shot by Connor Bedard.
7:23 of 3rd period - Stopped by Thatcher Demko without a rebound.
7:24 of 3rd period - Connor Bedard wins face-off versus Elias Pettersson in Devils zone.
7:25 of 3rd period - Slapshot by Patrick Kane.
7:25 of 3rd period - Stopped by Thatcher Demko with a rebound.
7:27 of 3rd period - Snap shot by Patrick Kane.
7:27 of 3rd period - Stopped by Thatcher Demko without a rebound.
7:28 of 3rd period - Connor Bedard wins face-off versus Elias Pettersson in Devils zone.
7:31 of 3rd period - Snap shot by Brandon Hagel.
7:31 of 3rd period - Shot Blocked by Lassi Thomson.
7:33 of 3rd period - Slapshot by Caleb Jones.
7:33 of 3rd period - Shot Misses the Net.
7:41 of 3rd period - Backhand shot by Patrick Kane.
7:41 of 3rd period - Shot Blocked by Dylan Cozens.
7:43 of 3rd period - Backhand shot by Connor Bedard.
7:43 of 3rd period - Stopped by Thatcher Demko without a rebound.
7:44 of 3rd period - J.T. Miller wins face-off versus Mathieu Joseph in Devils zone.
7:44 of 3rd period - J.T. Miller is hit by Mathieu Joseph.
7:55 of 3rd period - Minor Penalty to J.T. Miller for Interference.
7:56 of 3rd period - Tage Thompson wins face-off versus Dylan Larkin in Devils zone.
8:22 of 3rd period - Brandon Hagel is hit by Tage Thompson and loses puck.
9:55 of 3rd period - Penalty to J.T. Miller is over, J.T. Miller is back on ice.
10:05 of 3rd period - Slapshot by Rasmus Andersson.
10:05 of 3rd period - Stopped by Frederik Andersen with a rebound.
10:09 of 3rd period - Snap shot by Nick Foligno.
10:09 of 3rd period - Stopped by Frederik Andersen with a rebound.
10:11 of 3rd period - Slapshot by Zach Werenski.
10:11 of 3rd period - Stopped by Frederik Andersen with a rebound.
10:13 of 3rd period - Slapshot by Jake Evans.
10:13 of 3rd period - Stopped by Frederik Andersen with a rebound.
10:15 of 3rd period - Snap shot by Jake Evans.
10:15 of 3rd period - Shot Blocked by Erik Karlsson.
10:27 of 3rd period - Mason Marchment is hit by J.T. Miller and loses puck.
10:45 of 3rd period - Trevor Lewis is hit by Dylan Cozens and loses puck.
11:02 of 3rd period - Dillon Dube is hit by Trevor Zegras.
12:50 of 3rd period - Trevor Zegras is hit by Josh Brown and loses puck.
14:13 of 3rd period - Brandon Hagel is hit by Frank Vatrano and loses puck.
14:56 of 3rd period - Trevor Zegras is hit by Elias Pettersson and loses puck.
15:21 of 3rd period - Tyler Bertuzzi is hit by Sam Bennett and loses puck.
15:38 of 3rd period - Mathew Barzal is hit by Nick Paul and loses puck.
15:43 of 3rd period - Snap shot by Dillon Dube.
15:43 of 3rd period - Stopped by Frederik Andersen with a rebound.
15:45 of 3rd period - Snap shot by Nick Paul.
15:45 of 3rd period - Shot Blocked by Brandon Montour.
15:55 of 3rd period - Minor Penalty to Dillon Dube for Roughing.
15:56 of 3rd period - Trevor Zegras wins face-off versus Tage Thompson in Devils zone.
16:20 of 3rd period - Tage Thompson is hit by Filip Hronek and loses puck.
16:30 of 3rd period - Off-side.
16:31 of 3rd period - J.T. Miller wins face-off versus Dylan Larkin in neutral zone.
16:31 of 3rd period - Elias Pettersson is hit by Mathew Barzal.
16:47 of 3rd period - Snap shot by Mathew Barzal.
16:47 of 3rd period - Stopped by Thatcher Demko without a rebound.
16:48 of 3rd period - Tage Thompson wins face-off versus Dylan Larkin in Devils zone.
16:48 of 3rd period - Tage Thompson is hit by Dylan Larkin.
17:12 of 3rd period - Kyle Burroughs is hit by Brandon Hagel and loses puck.
17:17 of 3rd period - Slapshot by Sam Bennett.
17:17 of 3rd period - Shot Blocked by Kyle Burroughs.
17:55 of 3rd period - Penalty to Dillon Dube is over, Dillon Dube is back on ice.
18:57 of 3rd period - Connor Bedard is hit by Josh Brown.
19:22 of 3rd period - Backhand shot by Tage Thompson.
19:22 of 3rd period - Shot Misses the Net.
19:32 of 3rd period - Snap shot by Tyler Bertuzzi.
19:32 of 3rd period - Shot Blocked by Erik Karlsson.
19:34 of 3rd period - Snap shot by Tage Thompson.
19:34 of 3rd period - Stopped by Frederik Andersen with a rebound.
19:36 of 3rd period - Wrist shot by Tyler Bertuzzi.
19:36 of 3rd period - Shot Blocked by Brandon Montour.
19:38 of 3rd period - Wrist shot by J.T. Miller.
19:38 of 3rd period - Shot Blocked by Erik Karlsson.
19:40 of 3rd period - Snap shot by J.T. Miller.
19:40 of 3rd period - Shot Blocked by Erik Karlsson.
19:42 of 3rd period - Slapshot by Josh Brown.
19:42 of 3rd period - Stopped by Frederik Andersen with a rebound.
19:56 of 3rd period - Slapshot by J.T. Miller.
19:56 of 3rd period - Stopped by Frederik Andersen without a rebound.
19:57 of 3rd period - call a timeout for Blues.
19:57 of 3rd period - J.T. Miller wins face-off versus Connor Bedard in Blues zone.
Goals for this period are 1 for Devils vs 0 for Blues.
Shots for this period are 12 for Devils vs 17 for Blues.